 Dungeon Crawl Stone Soup version 0.23.0 (webtiles) character file.

Game seed: 2818285330602435280

136 Marnok the Skirmisher (level 4, -3/37 HPs)
             Began as a Demonspawn Chaos Knight on Feb 14, 2019.
             Was a Plaything of Xom.
             Killed by divine providence
             ... invoked by an orc priest
              (13 damage)
             ... on level 3 of the Dungeon.
             The game lasted 00:07:48 (1504 turns).

Marnok the Skirmisher (Demonspawn Chaos Knight)     Turns: 1504, Time: 00:07:50

Health: -3/37      AC: 12    Str: 13    XL:     4   Next: 98%
Magic:  4/4        EV:  3    Int: 11    God:    Xom [......]
Gold:   86         SH:  0    Dex: 13    Spells: 3/3 levels left

rFire    . . .     SeeInvis .   a - +0 falchion (chaos)
rCold    . . .     Gourm    .   (no shield)
rNeg     . . .     Faith    .   d - +0 plate armour
rPois    .         Spirit   .   (no helmet)
rElec    .         Reflect  .   (no cloak)
rCorr    .         Harm     .   (no gloves)
MR       .....     Clarity  +   i - +0 pair of boots
Stlth    ..........             (no amulet)
HPRegen  0.12/turn              (no ring)
MPRegen  0.09/turn              (no ring)

@: no status effects
A: claws 1, clarity, deterioration 1, dopey 1
a: Renounce Religion


You were on level 3 of the Dungeon.
You worshipped Xom.
You were a very special plaything of Xom.
You were not hungry.

You visited 1 branch of the dungeon, and saw 3 of its levels.

You collected 86 gold pieces.

Inventory:

Hand Weapons
 a - a +0 falchion of chaos (weapon)
Armour
 b - a +2 leather armour
 d - a +0 plate armour (worn)
 i - a +0 pair of boots (worn)
Scrolls
 e - 3 scrolls of identify {unknown}
 f - a scroll of blinking {unknown}
 g - a scroll of fear {unknown}
 j - a scroll of remove curse {unknown}
 k - a scroll of fog {unknown}
Comestibles
 c - 3 rations


   Skills:
 + Level 4.2 Fighting
 + Level 3.4 Long Blades
 + Level 3.1 Armour
 + Level 1.1 Dodging


You had 3 spell levels left.
You didn't know any spells.
Your spell library was empty.

Dungeon Overview and Level Annotations

Branches:
Dungeon (3/15)

Altars:


Innate Abilities, Weirdness & Mutations

You have sharp fingernails.
You possess an exceptional clarity of mind.
Your body sometimes deteriorates upon taking damage.
You are dopey. (Int -2)


Message History

Something hits you but does no damage. The orc hits you but does no damage.
The gnoll hits you from afar with a +0 spear.
Unknown command.
Something hits you but does no damage. The gnoll hits you with a +0 spear.
The orc priest seems less confused.
The orc priest hits you but does no damage.
The gnoll hits you from afar with a +0 spear.
* * * LOW HITPOINT WARNING * * *
The orc priest hits you but does no damage.
You hear Xom's avuncular chuckle.
Your body is suffused with distortional energy.
You feel yourself wasting away.
You feel clumsy.
It was a potion of mutation.
You feel extremely strange.
You feel healthier.
You feel agile.
You feel yourself wasting away.
You feel stupid.
Your thoughts seem clearer.
The orc hits you but does no damage.
The orc priest calls down the wrath of Beogh upon you.
Beogh smites you!
You die...
Xom titters!

#######.>......).g...........##
#........#.####..<.......
#..........# ##......###
#..........# ######.#
#########.## .. #..# . #..#
#########..# #.....g{o@##
#......g### #.....o.# #.......#
#.......# #.......# #.......#
#.......# #########


You could see an orc priest, 2 gnolls and an orc.

Vanquished Creatures
  Terence (D:2)
  2 adders (D:2)
  5 gnolls
  2 worms (D:2)
  A dart slug (D:1)
  A ball python (D:1)
  5 giant cockroaches
  4 goblins
  5 hobgoblins
  6 bats
  3 frilled lizards (D:2)
  4 kobolds
  3 rats
42 creatures vanquished.

Vanquished Creatures (others)
  A goblin (D:2)
1 creature vanquished.

Grand Total: 43 creatures vanquished

Notes
Turn   | Place    | Note
-------+----------+-------------------------------------------
     0 | D:1      | Marnok the Demonspawn Chaos Knight began the quest for the
                  | Orb.
     0 | D:1      | Reached XP level 1. HP: 18/18 MP: 1/1
   174 | D:1      | Gained mutation: You have sharp fingernails. [demonic
                  | ancestry]
   174 | D:1      | Reached XP level 2. HP: 24/24 MP: 2/2
   235 | D:1      | Reached skill level 1 in Dodging
   374 | D:1      | You fall through a shaft!
   382 | D:2      | XOM: potion effect (curing)
   406 | D:2      | XOM: divination: detect creatures
   451 | D:2      | XOM: stat loss: -1 Dex (11/12)
   475 | D:2      | XOM: 3-stop teleportation journey
   828 | D:1      | Reached XP level 3. HP: 16/29 MP: 3/3
  1030 | D:1      | XOM: medium Chrm miscast
  1152 | D:2      | Noticed Terence
  1169 | D:2      | Killed Terence
  1195 | D:2      | Reached XP level 4. HP: 25/37 MP: 4/4
  1198 | D:2      | XOM: divine lightning
  1203 | D:2      | Reached skill level 4 in Fighting
  1211 | D:2      | XOM: noise
  1372 | D:2      | XOM: summons 2 hostile shadow creatures
  1476 | D:3      | XOM: blink monster(s)
  1503 | D:3      | XOM: give mutations
  1503 | D:3      | Gained mutation: Your body sometimes deteriorates upon
                  | taking damage. [Xom's mischief]
  1503 | D:3      | Gained mutation: You are clumsy. (Dex -2) [Xom's mischief]
  1504 | D:3      | Lost mutation: Your body sometimes deteriorates upon taking
                  | damage. [potion of mutation]
  1504 | D:3      | Lost mutation: You are clumsy. (Dex -2) [potion of
                  | mutation]
  1504 | D:3      | Gained mutation: Your body sometimes deteriorates upon
                  | taking damage. [potion of mutation]
  1504 | D:3      | Gained mutation: You are dopey. (Int -2) [potion of
                  | mutation]
  1504 | D:3      | Gained mutation: You possess an exceptional clarity of
                  | mind. [potion of mutation]
  1504 | D:3      | Killed from afar by an orc priest

Skill      XL: |  1  2  3  4 |
---------------+-------------+-----
Dodging        | 1 |  1.1
Long Blades    | 3 |  3.4
Armour         | 2 3 |  3.1
Fighting       | 4 |  4.2

Action                   |  1- 3 |  4- 6 || total
-------------------------+-------+-------++-------
Melee: Falchion          |   110 |    41 ||   151
  Use: Potion            |     1 |     2 ||     3
 Stab: Confused          |       |     1 ||     1
  Eat: Chunk             |       |     2 ||     2
Armor: Plate armour      |   101 |    62 ||   163
Dodge: Dodged            |    22 |    10 ||    32
       Rpst.: Falchion   |     5 |     5 ||    10
